[ AOE2 MATCH · #477883996 ]
UnrankedChinese vs None
Player's team · LOSS
Rival team · WIN
[ REPLAY ANALYSIS · EXTRACTED FROM THE RECORDED GAME ]
Feudal
—
Castle
—
Imperial
—
| APM avg | 14.3 |
| APM peak | 45 |
| eAPM avg | 13.9 |
| Villagers / military | 0 / 1452 |
Focus
⚔️ 95.4% · 🌾 4.6%
Knight ×1091 · Fire Lancer ×209 · Spearman ×152
Feudal
—
Castle
—
Imperial
—
| APM avg | 22.6 |
| APM peak | 55 |
| eAPM avg | 14.2 |
| Villagers / military | 0 / 1446 |
Focus
⚔️ 97.9% · 🌾 2.1%
Knight ×1099 · Archer ×123 · Hand Cannoneer ×90 · Spearman ×80 · Monk ×54
Feudal
—
Castle
—
Imperial
—
| APM avg | 28.2 |
| APM peak | 49 |
| eAPM avg | 12.9 |
| Villagers / military | 0 / 772 |
Focus
⚔️ 99.0% · 🌾 1.0%
Archer ×614 · Knight ×158
Feudal
—
Castle
—
Imperial
—
| APM avg | 41.7 |
| APM peak | 107 |
| eAPM avg | 39.5 |
| Villagers / military | 0 / 1273 |
Focus
⚔️ 97.8% · 🌾 2.2%
Knight ×957 · Cavalry Archer ×128 · Archer ×95 · Battle Elephant ×60 · Battering Ram ×31 · Skirmisher ×1
Feudal
—
Castle
—
Imperial
—
| APM avg | 39.6 |
| APM peak | 94 |
| eAPM avg | 19.1 |
| Villagers / military | 0 / 1534 |
Focus
⚔️ 78.6% · 🌾 21.4%
Militia ×1030 · Archer ×325 · Spearman ×105 · Battering Ram ×74
Feudal
—
Castle
—
Imperial
—
| APM avg | 30.6 |
| APM peak | 63 |
| eAPM avg | 19.1 |
| Villagers / military | 0 / 1149 |
Focus
⚔️ 91.1% · 🌾 8.9%
Knight ×892 · Cavalry Archer ×251 · Skirmisher ×4 · Archer ×1 · Scout Cavalry ×1
Feudal
—
Castle
—
Imperial
—
| APM avg | 26.9 |
| APM peak | 81 |
| eAPM avg | 14.9 |
| Villagers / military | 0 / 581 |
Focus
⚔️ 91.3% · 🌾 8.7%
Knight ×382 · Archer ×177 · Scout Cavalry ×22
Feudal
—
Castle
—
Imperial
—
| APM avg | 45.4 |
| APM peak | 79 |
| eAPM avg | 18.2 |
| Villagers / military | 0 / 528 |
Focus
⚔️ 91.9% · 🌾 8.1%
Steppe Lancer ×317 · Knight ×161 · Camel Scout ×40 · Archer ×10
Match map
Initial resources + every placement click. Lines = walls · curves = elevation contours. ◆ gold · ⬟ stone · ● berries · ✦ relic · ◌ wall gap
Your base· Open
chrae's base· Open — unwalled flank
Key Kurono Porongon's base· Open — unwalled flank
SkyWarrior's base· ✓ Map-separated
Never_Back_Down's base· Open — unwalled flank
llllllllllllllll's base· ✓ Map-separated
niceguy's base· Open
xanon749523's base· Open
Smoothed initial terrain · ◌ = detected wall gap · hover for details
Inputs per minute
— Buby Is Best - - chrae
Build order — Buby Is Best
First 150 of 366 actions detected
| 9:59 | Build | Stable |
| 10:00 | Build | Stable |
| 10:02 | Build | Stable |
| 10:04 | Build | Stable |
| 10:06 | Build | Stable |
| 10:08 | Build | Stable |
| 10:10 | Build | Stable |
| 10:11 | Build | Stable |
| 10:12 | Build | Stable |
| 10:14 | Build | Stable |
| 10:15 | Build | Stable |
| 10:17 | Build | Stable |
| 10:18 | Build | Stable |
| 10:19 | Build | Stable |
| 10:20 | Build | Stable |
| 10:22 | Build | Stable |
| 10:23 | Build | Stable |
| 13:29 | Research | Husbandry |
| 13:34 | Research | Great Wall |
| 13:37 | Research | Chain Barding Armor |
| 13:38 | Research | Chain Mail Armor |
| 13:38 | Research | Iron Casting |
| 13:39 | Research | Bodkin Arrow |
| 13:39 | Research | Leather Archer Armor |
| 13:42 | Research | Ballistics |
| 13:42 | Research | Guard Tower (upgrade) |
| 13:43 | Research | Tech 909 |
| 13:43 | Research | Tech 908 |
| 13:44 | Research | Careening |
| 14:33 | Create | Knight ×5 |
| 14:34 | Create | Knight ×5 |
| 14:34 | Create | Knight ×5 |
| 14:34 | Create | Knight ×5 |
| 14:35 | Create | Knight ×5 |
| 14:35 | Create | Knight ×5 |
| 14:35 | Create | Knight ×5 |
| 14:35 | Create | Knight ×5 |
| 14:36 | Create | Knight ×5 |
| 14:36 | Create | Knight ×5 |
| 14:36 | Create | Knight ×5 |
| 14:37 | Create | Knight ×5 |
| 14:37 | Create | Knight ×5 |
| 14:37 | Create | Knight ×5 |
| 14:38 | Create | Knight ×5 |
| 14:38 | Create | Knight ×5 |
| 14:38 | Create | Knight ×5 |
| 14:38 | Create | Knight ×5 |
| 14:39 | Create | Knight ×5 |
| 14:39 | Create | Knight ×5 |
| 14:39 | Create | Knight ×5 |
| 16:36 | Create | Knight ×5 |
| 16:37 | Create | Knight ×5 |
| 16:37 | Create | Knight ×5 |
| 16:37 | Create | Knight ×5 |
| 16:37 | Create | Knight ×5 |
| 16:38 | Create | Knight ×5 |
| 16:38 | Create | Knight ×5 |
| 16:38 | Create | Knight ×5 |
| 16:39 | Create | Knight ×5 |
| 16:39 | Create | Knight ×5 |
| 16:39 | Create | Knight ×5 |
| 16:39 | Create | Knight ×5 |
| 16:40 | Create | Knight ×5 |
| 16:40 | Create | Knight ×5 |
| 16:40 | Create | Knight ×5 |
| 16:41 | Create | Knight ×5 |
| 16:41 | Create | Knight ×5 |
| 16:41 | Create | Knight ×3 |
| 17:40 | Create | Knight ×5 |
| 17:40 | Create | Knight ×5 |
| 17:40 | Create | Knight ×5 |
| 17:41 | Create | Knight ×5 |
| 17:41 | Create | Knight ×5 |
| 17:41 | Create | Knight ×5 |
| 17:41 | Create | Knight ×5 |
| 17:42 | Create | Knight ×5 |
| 17:42 | Create | Knight ×5 |
| 17:42 | Create | Knight ×5 |
| 17:43 | Create | Knight ×5 |
| 17:43 | Create | Knight ×5 |
| 17:43 | Create | Knight ×5 |
| 17:43 | Create | Knight ×2 |
| 19:34 | Build | Barracks |
| 19:36 | Build | Barracks |
| 19:39 | Build | Barracks |
| 19:41 | Build | Barracks |
| 19:44 | Build | Barracks |
| 19:50 | Build | Barracks |
| 19:55 | Build | Barracks |
| 19:57 | Build | Barracks |
| 20:20 | Research | Cavalier (upgrade) |
| 20:24 | Create | Knight ×5 |
| 20:24 | Create | Knight ×5 |
| 20:24 | Create | Knight ×5 |
| 20:25 | Create | Knight ×5 |
| 20:25 | Create | Knight ×5 |
| 20:25 | Create | Knight ×5 |
| 20:25 | Create | Knight ×5 |
| 20:26 | Create | Knight ×5 |
| 20:26 | Create | Knight ×5 |
| 20:26 | Create | Knight ×5 |
| 20:26 | Create | Knight ×5 |
| 20:27 | Create | Knight ×5 |
| 20:27 | Create | Knight ×5 |
| 20:27 | Create | Knight ×5 |
| 20:28 | Create | Knight ×5 |
| 20:28 | Create | Knight ×5 |
| 20:28 | Create | Knight ×5 |
| 20:28 | Create | Knight ×5 |
| 20:29 | Create | Knight ×5 |
| 20:29 | Create | Knight ×5 |
| 20:29 | Create | Knight ×5 |
| 20:30 | Create | Knight ×5 |
| 20:30 | Create | Knight ×5 |
| 20:30 | Create | Knight ×5 |
| 20:30 | Create | Knight ×4 |
| 20:31 | Create | Knight ×4 |
| 20:42 | Research | Arson |
| 20:42 | Research | Tech 982 |
| 20:43 | Research | Pikeman (upgrade) |
| 20:44 | Research | Squires |
| 20:46 | Research | Long Swordsman (upgrade) |
| 21:09 | Create | Fire Lancer ×5 |
| 21:09 | Create | Fire Lancer ×5 |
| 21:09 | Create | Fire Lancer |
| 21:39 | Create | Knight ×5 |
| 21:39 | Create | Knight ×5 |
| 21:39 | Create | Knight ×5 |
| 21:39 | Create | Knight ×5 |
| 21:40 | Create | Knight ×5 |
| 21:40 | Create | Knight ×5 |
| 21:40 | Create | Knight ×5 |
| 21:40 | Create | Knight ×5 |
| 21:41 | Create | Knight ×5 |
| 21:41 | Create | Knight ×5 |
| 21:47 | Research | Spies/Treason |
| 21:48 | Research | Conscription |
| 21:48 | Research | Rocketry |
| 21:49 | Research | Sappers |
| 21:49 | Research | Elite Chu Ko Nu (upgrade) |
| 21:52 | Research | Keep (upgrade) |
| 21:53 | Research | Arrowslits |
| 21:54 | Research | Bombard Tower (upgrade) |
| 21:54 | Research | Shipwright |
| 21:55 | Research | Dry Dock |
| 21:57 | Research | Plate Barding Armor |
| 21:58 | Research | Ring Archer Armor |
| 21:59 | Research | Plate Mail Armor |
| 21:59 | Research | Blast Furnace |
| 22:00 | Research | Bracer |
Build order — chrae
First 150 of 364 actions detected
| 7:17 | Build | Barracks |
| 7:25 | Build | Archery Range |
| 7:27 | Build | Archery Range |
| 7:29 | Build | Archery Range |
| 7:37 | Build | Stable |
| 7:43 | Build | Stable |
| 7:44 | Build | Stable |
| 7:47 | Build | Stable |
| 7:49 | Build | Stable |
| 7:51 | Build | Stable |
| 7:53 | Build | Stable |
| 7:56 | Build | Stable |
| 7:58 | Build | Stable |
| 8:01 | Build | Stable |
| 8:05 | Build | Stable |
| 8:08 | Build | Stable |
| 12:43 | Build | Monastery |
| 12:58 | Research | Bloodlines |
| 12:59 | Create | Knight ×5 |
| 13:00 | Create | Knight ×5 |
| 13:00 | Create | Knight ×5 |
| 13:01 | Create | Knight ×5 |
| 13:01 | Create | Knight ×5 |
| 13:01 | Create | Knight ×5 |
| 13:02 | Create | Knight ×5 |
| 13:02 | Create | Knight ×5 |
| 13:02 | Create | Knight ×5 |
| 13:02 | Create | Knight ×5 |
| 13:03 | Create | Knight ×5 |
| 13:03 | Create | Knight ×5 |
| 13:03 | Create | Knight ×5 |
| 13:04 | Create | Knight ×5 |
| 13:04 | Create | Knight ×5 |
| 13:04 | Create | Knight ×4 |
| 13:12 | Research | Crossbowman (upgrade) |
| 13:14 | Research | Elite Skirmisher (upgrade) |
| 13:23 | Create | Archer ×5 |
| 13:23 | Create | Archer ×5 |
| 13:23 | Create | Archer ×5 |
| 13:24 | Create | Archer ×5 |
| 13:24 | Create | Archer ×5 |
| 13:24 | Create | Archer ×5 |
| 13:25 | Create | Archer ×5 |
| 13:25 | Create | Archer ×5 |
| 13:25 | Create | Archer ×5 |
| 13:26 | Create | Archer ×3 |
| 13:34 | Research | Redemption |
| 13:40 | Research | Sanctity |
| 13:44 | Research | Fervor |
| 13:48 | Create | Monk ×5 |
| 13:49 | Create | Monk ×5 |
| 13:49 | Create | Monk ×5 |
| 13:58 | Research | Bodkin Arrow |
| 13:59 | Research | Iron Casting |
| 13:59 | Research | Chain Barding Armor |
| 14:01 | Research | Leather Archer Armor |
| 14:01 | Research | Chain Mail Armor |
| 14:05 | Research | Ironclad |
| 14:13 | Research | Arson |
| 14:14 | Research | Gambesons |
| 14:15 | Research | Long Swordsman (upgrade) |
| 14:15 | Research | Pikeman (upgrade) |
| 14:19 | Create | Spearman ×5 |
| 14:20 | Create | Spearman ×5 |
| 14:20 | Create | Spearman ×5 |
| 14:20 | Create | Spearman |
| 15:07 | Build | Stable |
| 15:13 | Build | Stable |
| 15:17 | Build | Stable |
| 15:20 | Build | Stable |
| 15:23 | Build | Stable |
| 15:28 | Build | Stable |
| 15:45 | Create | Knight ×5 |
| 15:45 | Create | Knight ×5 |
| 15:46 | Create | Knight ×5 |
| 15:46 | Create | Knight ×5 |
| 15:46 | Create | Knight ×5 |
| 15:46 | Create | Knight ×5 |
| 15:47 | Create | Knight ×5 |
| 15:47 | Create | Knight ×5 |
| 15:47 | Create | Knight ×5 |
| 15:48 | Create | Knight ×5 |
| 15:48 | Create | Knight ×5 |
| 15:48 | Create | Knight ×5 |
| 15:49 | Create | Knight ×5 |
| 15:49 | Create | Knight ×5 |
| 15:49 | Create | Knight ×5 |
| 15:50 | Create | Knight ×5 |
| 15:50 | Create | Knight ×5 |
| 15:50 | Create | Knight ×5 |
| 15:51 | Create | Knight ×5 |
| 15:51 | Create | Knight ×5 |
| 15:51 | Create | Knight ×5 |
| 16:26 | Create | Knight ×5 |
| 16:26 | Create | Knight ×5 |
| 16:27 | Create | Knight ×5 |
| 16:27 | Create | Knight ×5 |
| 16:27 | Create | Knight ×5 |
| 16:28 | Create | Knight ×5 |
| 16:28 | Create | Knight ×5 |
| 16:28 | Create | Knight ×5 |
| 16:30 | Create | Knight ×4 |
| 17:30 | Build | Stable |
| 17:33 | Build | Stable |
| 17:35 | Build | Stable |
| 18:53 | Build | Siege Workshop |
| 18:56 | Build | Siege Workshop |
| 19:00 | Build | Siege Workshop |
| 19:03 | Build | Siege Workshop |
| 19:08 | Build | Siege Workshop |
| 20:52 | Create | Knight ×5 |
| 20:53 | Create | Knight ×5 |
| 20:53 | Create | Knight ×5 |
| 20:54 | Create | Knight ×5 |
| 20:54 | Create | Knight ×5 |
| 20:54 | Create | Knight ×5 |
| 20:55 | Create | Knight ×5 |
| 20:55 | Create | Knight ×5 |
| 20:55 | Create | Knight ×5 |
| 20:56 | Create | Knight ×5 |
| 20:56 | Create | Knight ×5 |
| 20:56 | Create | Knight ×5 |
| 20:57 | Create | Knight ×5 |
| 20:57 | Create | Knight ×5 |
| 20:57 | Create | Knight ×5 |
| 20:58 | Create | Knight ×5 |
| 20:58 | Create | Knight ×5 |
| 20:58 | Create | Knight ×5 |
| 20:59 | Create | Knight ×5 |
| 20:59 | Create | Knight ×5 |
| 20:59 | Create | Knight ×5 |
| 21:00 | Create | Knight ×5 |
| 21:00 | Create | Knight ×5 |
| 21:00 | Create | Knight ×5 |
| 21:01 | Create | Knight ×5 |
| 21:01 | Create | Knight ×5 |
| 21:01 | Create | Knight ×5 |
| 21:02 | Create | Knight ×5 |
| 21:02 | Create | Knight ×5 |
| 21:02 | Create | Knight ×5 |
| 21:03 | Create | Knight ×5 |
| 21:03 | Create | Knight ×5 |
| 21:03 | Create | Knight ×5 |
| 21:04 | Create | Knight ×5 |
| 21:04 | Create | Knight ×5 |
| 21:04 | Create | Knight ×5 |
| 21:05 | Create | Knight ×5 |
| 21:05 | Create | Knight ×5 |
| 21:05 | Create | Knight ×5 |
| 21:06 | Create | Knight ×5 |
Build order — Key Kurono Porongon
First 150 of 217 actions detected
| 12:17 | Research | Iron Casting |
| 12:19 | Research | Bodkin Arrow |
| 12:19 | Research | Leather Archer Armor |
| 12:21 | Research | Chain Mail Armor |
| 12:22 | Research | Chain Barding Armor |
| 12:29 | Research | Ballistics |
| 12:30 | Research | Guard Tower (upgrade) |
| 12:30 | Research | Treadmill Crane |
| 12:31 | Research | Tech 909 |
| 12:32 | Research | Tech 908 |
| 17:17 | Build | Stable |
| 17:20 | Build | Stable |
| 17:22 | Build | Stable |
| 17:31 | Build | Archery Range |
| 17:33 | Build | Archery Range |
| 17:35 | Build | Archery Range |
| 17:37 | Build | Archery Range |
| 18:52 | Research | Crossbowman (upgrade) |
| 18:55 | Create | Archer ×5 |
| 18:55 | Create | Archer ×5 |
| 18:56 | Create | Archer ×5 |
| 18:56 | Create | Archer ×5 |
| 18:56 | Create | Archer ×5 |
| 18:57 | Create | Archer ×4 |
| 20:01 | Create | Archer ×5 |
| 20:02 | Create | Archer ×5 |
| 20:02 | Create | Archer ×5 |
| 20:02 | Create | Archer ×4 |
| 21:22 | Build | Archery Range |
| 21:24 | Build | Archery Range |
| 21:25 | Build | Archery Range |
| 21:27 | Build | Archery Range |
| 22:31 | Create | Archer ×5 |
| 22:31 | Create | Archer ×5 |
| 22:32 | Create | Archer ×5 |
| 22:32 | Create | Archer ×5 |
| 22:33 | Create | Archer ×5 |
| 22:33 | Create | Archer ×5 |
| 22:33 | Create | Archer ×5 |
| 22:34 | Create | Archer ×5 |
| 22:34 | Create | Archer ×5 |
| 22:35 | Create | Archer ×3 |
| 22:35 | Create | Archer ×3 |
| 22:38 | Create | Archer ×5 |
| 22:39 | Create | Archer ×5 |
| 22:39 | Create | Archer ×5 |
| 22:39 | Create | Archer ×5 |
| 23:53 | Create | Archer ×5 |
| 23:53 | Create | Archer ×5 |
| 23:53 | Create | Archer ×5 |
| 23:54 | Create | Archer ×5 |
| 24:01 | Build | Archery Range |
| 24:03 | Build | Archery Range |
| 24:05 | Build | Archery Range |
| 24:07 | Build | Archery Range |
| 25:27 | Research | Arbalester (upgrade) |
| 25:29 | Create | Archer ×5 |
| 25:30 | Create | Archer ×5 |
| 25:30 | Create | Archer ×5 |
| 25:30 | Create | Archer ×5 |
| 25:31 | Create | Archer ×5 |
| 25:31 | Create | Archer ×5 |
| 25:32 | Create | Archer ×5 |
| 25:32 | Create | Archer ×5 |
| 25:32 | Create | Archer ×5 |
| 25:33 | Create | Archer ×5 |
| 25:33 | Create | Archer ×5 |
| 25:34 | Create | Archer ×5 |
| 25:34 | Create | Archer ×5 |
| 25:34 | Create | Archer ×5 |
| 25:35 | Create | Archer ×5 |
| 25:35 | Create | Archer ×5 |
| 25:36 | Create | Archer ×5 |
| 25:36 | Create | Archer ×5 |
| 25:36 | Create | Archer |
| 26:10 | Research | Conscription |
| 26:13 | Research | Elite Longbowman (upgrade) |
| 26:15 | Research | Warwolf |
| 26:18 | Research | Yeomen |
| 26:20 | Research | Sappers |
| 26:24 | Research | Spies/Treason |
| 26:28 | Research | Blast Furnace |
| 26:29 | Research | Bracer |
| 26:30 | Research | Ring Archer Armor |
| 26:31 | Research | Plate Mail Armor |
| 26:32 | Research | Plate Barding Armor |
| 26:35 | Research | Chemistry |
| 26:35 | Research | Arrowslits |
| 26:36 | Research | Keep (upgrade) |
| 26:37 | Research | Siege Engineers |
| 26:37 | Research | Careening |
| 26:38 | Research | Tech 907 |
| 26:39 | Research | Shipwright |
| 26:41 | Create | Archer ×5 |
| 26:42 | Create | Archer ×5 |
| 26:42 | Create | Archer ×5 |
| 26:43 | Create | Archer ×5 |
| 26:43 | Create | Archer ×5 |
| 26:43 | Create | Archer ×5 |
| 26:44 | Create | Archer ×5 |
| 26:44 | Create | Archer ×5 |
| 26:45 | Create | Archer ×5 |
| 26:45 | Create | Archer ×5 |
| 26:45 | Create | Archer ×5 |
| 26:46 | Create | Archer ×5 |
| 26:46 | Create | Archer ×5 |
| 28:16 | Create | Archer ×5 |
| 28:16 | Create | Archer ×5 |
| 28:17 | Create | Archer ×5 |
| 28:17 | Create | Archer ×5 |
| 28:17 | Create | Archer ×5 |
| 28:18 | Create | Archer ×5 |
| 28:18 | Create | Archer ×5 |
| 28:19 | Create | Archer ×5 |
| 28:19 | Create | Archer ×5 |
| 28:19 | Create | Archer ×5 |
| 28:23 | Create | Archer ×5 |
| 28:23 | Create | Archer ×5 |
| 28:23 | Create | Archer ×2 |
| 28:24 | Create | Archer ×3 |
| 28:25 | Create | Archer ×2 |
| 30:11 | Research | Husbandry |
| 30:13 | Research | Cavalier (upgrade) |
| 30:22 | Build | Stable |
| 30:25 | Create | Archer ×5 |
| 30:25 | Create | Archer ×5 |
| 30:26 | Create | Archer ×5 |
| 30:26 | Create | Archer ×5 |
| 30:26 | Create | Archer ×5 |
| 30:27 | Create | Archer ×5 |
| 30:27 | Create | Archer ×5 |
| 30:28 | Create | Archer ×5 |
| 30:28 | Create | Archer ×5 |
| 30:28 | Create | Archer ×5 |
| 30:29 | Create | Archer ×5 |
| 30:29 | Create | Archer ×5 |
| 30:29 | Create | Archer ×5 |
| 30:30 | Create | Archer ×5 |
| 30:30 | Create | Archer ×5 |
| 30:31 | Create | Archer ×5 |
| 30:31 | Create | Archer ×2 |
| 30:34 | Create | Knight ×5 |
| 30:34 | Create | Knight ×5 |
| 30:35 | Create | Knight ×5 |
| 30:35 | Create | Knight ×5 |
| 30:35 | Create | Knight ×5 |
| 30:36 | Create | Knight ×5 |
| 30:36 | Create | Knight ×5 |
| 30:36 | Create | Knight ×5 |
| 30:37 | Create | Knight ×3 |
Build order — SkyWarrior
First 150 of 1335 actions detected
| 6:12 | Build | Stable |
| 6:15 | Build | Stable |
| 6:17 | Build | Stable |
| 6:19 | Build | Stable |
| 6:35 | Build | Stone Wall |
| 7:52 | Build | Stable |
| 7:54 | Build | Stable |
| 7:58 | Build | Stable |
| 8:02 | Build | Stable |
| 8:05 | Build | Stable |
| 8:08 | Build | Stable |
| 8:09 | Build | Stable |
| 8:13 | Build | Stable |
| 8:15 | Build | Stable |
| 8:19 | Build | Stable |
| 8:22 | Build | Stable |
| 8:23 | Build | Stable |
| 8:25 | Build | Stable |
| 13:48 | Research | Husbandry |
| 13:49 | Create | Knight |
| 13:49 | Create | Knight |
| 13:49 | Create | Knight |
| 13:50 | Create | Knight |
| 13:50 | Create | Knight |
| 13:51 | Create | Knight |
| 13:51 | Create | Knight |
| 13:51 | Create | Knight |
| 13:52 | Create | Knight |
| 13:52 | Create | Knight |
| 13:52 | Create | Knight |
| 13:53 | Create | Knight |
| 13:53 | Create | Knight |
| 13:53 | Create | Knight |
| 13:54 | Create | Knight |
| 13:57 | Create | Knight |
| 13:57 | Create | Knight |
| 13:58 | Create | Knight |
| 13:58 | Create | Knight |
| 13:59 | Create | Knight |
| 13:59 | Create | Knight |
| 13:59 | Create | Knight |
| 14:00 | Create | Knight |
| 14:00 | Create | Knight |
| 14:00 | Create | Knight |
| 14:01 | Create | Knight |
| 14:01 | Create | Knight |
| 14:01 | Create | Knight |
| 14:02 | Create | Knight |
| 14:02 | Create | Knight |
| 14:02 | Create | Knight |
| 14:03 | Create | Knight |
| 14:03 | Create | Knight |
| 14:03 | Create | Knight |
| 14:04 | Create | Knight |
| 14:04 | Create | Knight |
| 14:04 | Create | Knight |
| 14:05 | Create | Knight |
| 14:05 | Create | Knight |
| 14:05 | Create | Knight |
| 14:10 | Create | Knight |
| 14:10 | Create | Knight |
| 14:10 | Create | Knight |
| 14:11 | Create | Knight |
| 14:23 | Create | Knight |
| 14:23 | Create | Knight |
| 14:23 | Create | Knight |
| 14:24 | Create | Knight |
| 14:24 | Create | Knight |
| 14:24 | Create | Knight |
| 15:01 | Create | Knight |
| 15:02 | Create | Knight |
| 15:03 | Create | Knight |
| 15:06 | Create | Knight |
| 15:06 | Create | Knight |
| 15:06 | Create | Knight |
| 15:07 | Create | Knight |
| 15:07 | Create | Knight |
| 15:07 | Create | Knight |
| 15:07 | Create | Knight |
| 15:08 | Create | Knight |
| 15:08 | Create | Knight |
| 15:08 | Create | Knight |
| 15:09 | Create | Knight |
| 15:09 | Create | Knight |
| 15:10 | Create | Knight |
| 15:10 | Create | Knight |
| 15:10 | Create | Knight |
| 15:11 | Create | Knight |
| 15:11 | Create | Knight |
| 15:11 | Create | Knight |
| 15:12 | Create | Knight |
| 15:12 | Create | Knight |
| 15:12 | Create | Knight |
| 15:13 | Create | Knight |
| 15:13 | Create | Knight |
| 15:13 | Create | Knight |
| 15:14 | Create | Knight |
| 15:14 | Create | Knight |
| 15:14 | Create | Knight |
| 15:15 | Create | Knight |
| 15:15 | Create | Knight |
| 15:16 | Create | Knight |
| 15:16 | Create | Knight |
| 15:16 | Create | Knight |
| 15:17 | Create | Knight |
| 15:17 | Create | Knight |
| 15:18 | Create | Knight |
| 15:22 | Research | Chain Barding Armor |
| 15:23 | Research | Chain Mail Armor |
| 15:23 | Research | Iron Casting |
| 15:24 | Research | Bodkin Arrow |
| 15:30 | Research | Guard Tower (upgrade) |
| 15:31 | Research | Ballistics |
| 15:32 | Research | Treadmill Crane |
| 15:52 | Create | Knight |
| 15:52 | Create | Knight |
| 15:53 | Create | Knight |
| 15:53 | Create | Knight |
| 15:53 | Create | Knight |
| 15:54 | Create | Knight |
| 15:54 | Create | Knight |
| 15:54 | Create | Knight |
| 15:55 | Create | Knight |
| 15:55 | Create | Knight |
| 15:55 | Create | Knight |
| 15:56 | Create | Knight |
| 15:56 | Create | Knight |
| 15:56 | Create | Knight |
| 15:57 | Create | Knight |
| 15:57 | Create | Knight |
| 16:01 | Create | Knight |
| 16:01 | Create | Knight |
| 16:01 | Create | Knight |
| 16:02 | Create | Knight |
| 16:02 | Create | Knight |
| 16:02 | Create | Knight |
| 16:03 | Create | Knight |
| 16:03 | Create | Knight |
| 16:03 | Create | Knight |
| 16:04 | Create | Knight |
| 16:04 | Create | Knight |
| 16:09 | Create | Knight |
| 16:09 | Create | Knight |
| 16:09 | Create | Knight |
| 16:10 | Create | Knight |
| 16:10 | Create | Knight |
| 16:10 | Create | Knight |
| 16:11 | Create | Knight |
| 16:11 | Create | Knight |
| 16:11 | Create | Knight |
Build order — Never_Back_Down
First 150 of 420 actions detected
| 5:43 | Build | Barracks |
| 5:45 | Build | Barracks |
| 5:48 | Build | Barracks |
| 5:50 | Build | Barracks |
| 5:52 | Build | Barracks |
| 5:53 | Build | Barracks |
| 5:55 | Build | Barracks |
| 5:57 | Build | Barracks |
| 5:58 | Build | Barracks |
| 6:00 | Build | Barracks |
| 6:02 | Build | Barracks |
| 6:04 | Build | Barracks |
| 6:09 | Build | Archery Range |
| 6:11 | Build | Archery Range |
| 6:12 | Build | Archery Range |
| 6:14 | Build | Archery Range |
| 6:16 | Build | Archery Range |
| 6:18 | Build | Archery Range |
| 12:07 | Research | Bodkin Arrow |
| 12:09 | Research | Leather Archer Armor |
| 12:10 | Research | Iron Casting |
| 12:10 | Research | Chain Mail Armor |
| 12:11 | Research | Chain Barding Armor |
| 12:14 | Research | Ballistics |
| 12:14 | Research | Guard Tower (upgrade) |
| 12:15 | Research | Tech 909 |
| 12:15 | Research | Tech 908 |
| 12:16 | Research | Careening |
| 12:19 | Research | Crossbowman (upgrade) |
| 12:22 | Research | Gambesons |
| 12:23 | Research | Long Swordsman (upgrade) |
| 12:27 | Research | Arson |
| 12:27 | Research | Squires |
| 12:28 | Research | Pikeman (upgrade) |
| 13:37 | Research | Two-Handed Swordsman (upgrade) |
| 13:55 | Research | Cilician Fleet |
| 14:09 | Create | Militia ×5 |
| 14:09 | Create | Militia ×5 |
| 14:10 | Create | Militia ×5 |
| 14:10 | Create | Militia ×5 |
| 14:10 | Create | Militia ×5 |
| 14:10 | Create | Militia ×5 |
| 14:10 | Create | Militia ×5 |
| 14:11 | Create | Militia ×5 |
| 14:11 | Create | Militia ×5 |
| 14:11 | Create | Militia ×5 |
| 14:11 | Create | Militia ×5 |
| 14:12 | Create | Militia ×5 |
| 14:12 | Create | Militia ×5 |
| 14:12 | Create | Militia ×5 |
| 14:12 | Create | Militia ×5 |
| 14:12 | Create | Militia ×5 |
| 14:13 | Create | Militia ×5 |
| 14:13 | Create | Militia ×5 |
| 14:13 | Create | Militia ×5 |
| 14:13 | Create | Militia ×5 |
| 14:14 | Create | Militia ×5 |
| 14:14 | Create | Militia ×5 |
| 14:14 | Create | Militia ×5 |
| 14:14 | Create | Militia ×5 |
| 14:14 | Create | Militia ×5 |
| 14:15 | Create | Militia ×5 |
| 14:15 | Create | Militia ×5 |
| 14:15 | Create | Militia ×5 |
| 14:16 | Create | Militia ×5 |
| 14:16 | Create | Militia ×5 |
| 14:16 | Create | Militia ×5 |
| 14:16 | Create | Militia ×5 |
| 14:17 | Create | Militia ×4 |
| 14:17 | Create | Militia ×4 |
| 14:30 | Research | Champion (upgrade) |
| 14:30 | Research | Halberdier (upgrade) |
| 14:35 | Create | Archer ×5 |
| 14:36 | Create | Archer ×5 |
| 14:36 | Create | Archer ×5 |
| 14:36 | Create | Archer ×5 |
| 14:37 | Create | Archer ×5 |
| 14:37 | Create | Archer ×5 |
| 14:37 | Create | Archer ×5 |
| 14:37 | Create | Archer ×5 |
| 14:38 | Create | Archer ×5 |
| 14:38 | Create | Archer ×5 |
| 14:38 | Create | Archer ×5 |
| 14:38 | Create | Archer ×5 |
| 14:39 | Create | Archer ×5 |
| 15:32 | Create | Militia ×5 |
| 15:32 | Create | Militia ×5 |
| 15:33 | Create | Militia ×5 |
| 15:33 | Create | Militia ×5 |
| 15:33 | Create | Militia ×5 |
| 15:33 | Create | Militia ×5 |
| 15:34 | Create | Militia ×5 |
| 15:34 | Create | Militia ×5 |
| 15:34 | Create | Militia ×5 |
| 15:34 | Create | Militia ×5 |
| 16:08 | Build | Barracks |
| 16:09 | Build | Barracks |
| 16:11 | Build | Barracks |
| 16:12 | Build | Barracks |
| 16:14 | Build | Barracks |
| 16:15 | Build | Barracks |
| 16:38 | Create | Spearman ×5 |
| 16:38 | Create | Spearman ×5 |
| 16:38 | Create | Spearman ×5 |
| 16:38 | Create | Spearman ×5 |
| 16:39 | Create | Spearman ×5 |
| 16:39 | Create | Spearman ×5 |
| 16:39 | Create | Spearman ×5 |
| 16:50 | Create | Archer ×5 |
| 16:50 | Create | Archer ×5 |
| 16:50 | Create | Archer ×5 |
| 16:51 | Create | Archer ×5 |
| 16:51 | Create | Archer ×5 |
| 16:51 | Create | Archer ×5 |
| 16:51 | Create | Archer ×5 |
| 16:52 | Create | Archer ×5 |
| 16:52 | Create | Archer ×5 |
| 18:45 | Create | Militia ×5 |
| 18:45 | Create | Militia ×5 |
| 18:45 | Create | Militia ×5 |
| 18:46 | Create | Spearman ×5 |
| 18:46 | Create | Spearman ×5 |
| 18:46 | Create | Spearman ×5 |
| 18:47 | Create | Spearman ×5 |
| 18:47 | Create | Spearman ×5 |
| 18:48 | Create | Spearman ×5 |
| 18:48 | Create | Spearman ×5 |
| 19:10 | Research | Spies/Treason |
| 19:11 | Research | Conscription |
| 19:12 | Research | Fereters |
| 19:16 | Research | Blast Furnace |
| 19:16 | Research | Plate Mail Armor |
| 19:17 | Research | Bracer |
| 19:17 | Research | Ring Archer Armor |
| 19:20 | Research | Chemistry |
| 19:21 | Research | Tech 910 |
| 19:21 | Research | Tech 907 |
| 19:22 | Research | Dry Dock |
| 19:28 | Research | Arbalester (upgrade) |
| 19:32 | Research | Elite Composite Bowman (upgrade) |
| 19:37 | Create | Militia ×5 |
| 19:37 | Create | Militia ×5 |
| 19:38 | Create | Militia ×5 |
| 19:38 | Create | Militia ×5 |
| 19:38 | Create | Militia ×5 |
| 19:38 | Create | Militia ×5 |
| 19:39 | Create | Militia ×5 |
| 19:39 | Create | Militia ×5 |
| 19:49 | Create | Militia ×5 |
| 19:49 | Create | Militia ×5 |
Build order — llllllllllllllll
First 150 of 350 actions detected
| 5:13 | Build | Stable |
| 5:14 | Build | Archery Range |
| 6:22 | Research | Bloodlines |
| 7:43 | Build | Stable |
| 7:52 | Build | Stable |
| 7:54 | Build | Stable |
| 8:00 | Research | Chain Barding Armor |
| 8:02 | Research | Bodkin Arrow |
| 8:04 | Research | Ballistics |
| 8:05 | Research | Treadmill Crane |
| 8:37 | Research | Husbandry |
| 8:38 | Create | Knight ×5 |
| 8:43 | Build | Stable |
| 9:01 | Research | Leather Archer Armor |
| 9:06 | Create | Knight ×5 |
| 9:29 | Create | Knight ×5 |
| 9:34 | Build | Stable |
| 9:36 | Build | Stable |
| 9:51 | Create | Knight ×5 |
| 10:24 | Create | Knight ×5 |
| 10:38 | Research | Thumb Ring |
| 10:39 | Create | Cavalry Archer ×5 |
| 10:42 | Build | Stable |
| 10:43 | Build | Stable |
| 10:50 | Create | Knight ×5 |
| 10:52 | Create | Knight ×5 |
| 10:55 | Build | Stable |
| 10:56 | Build | Stable |
| 10:58 | Create | Knight ×5 |
| 11:00 | Create | Knight ×5 |
| 11:12 | Create | Knight ×5 |
| 11:22 | Build | Stone Wall |
| 11:27 | Build | Gate |
| 11:33 | Create | Knight ×5 |
| 11:46 | Create | Knight ×5 |
| 11:47 | Create | Knight ×5 |
| 11:48 | Create | Knight |
| 11:58 | Create | Knight ×5 |
| 12:05 | Create | Cavalry Archer ×5 |
| 12:08 | Create | Knight |
| 12:22 | Create | Knight |
| 12:27 | Create | Knight ×5 |
| 12:30 | Create | Cavalry Archer ×5 |
| 12:35 | Create | Knight |
| 12:38 | Create | Knight ×5 |
| 12:43 | Create | Knight ×5 |
| 12:48 | Create | Knight |
| 12:51 | Create | Knight ×5 |
| 13:02 | Create | Cavalry Archer ×3 |
| 13:03 | Create | Knight ×5 |
| 13:10 | Create | Knight ×5 |
| 13:11 | Create | Knight ×5 |
| 13:16 | Create | Knight |
| 13:25 | Create | Knight ×3 |
| 13:32 | Create | Knight ×5 |
| 13:41 | Create | Knight ×5 |
| 13:46 | Build | Archery Range |
| 13:47 | Build | Archery Range |
| 13:51 | Create | Knight ×5 |
| 13:54 | Research | Chain Mail Armor |
| 13:56 | Create | Knight ×5 |
| 14:08 | Create | Cavalry Archer ×2 |
| 14:11 | Create | Knight ×5 |
| 14:24 | Create | Knight ×5 |
| 14:27 | Create | Knight ×5 |
| 14:33 | Create | Knight ×5 |
| 14:35 | Create | Cavalry Archer ×5 |
| 14:36 | Create | Knight |
| 14:47 | Create | Knight ×5 |
| 15:05 | Create | Knight ×5 |
| 15:11 | Create | Knight |
| 15:15 | Create | Cavalry Archer ×5 |
| 15:17 | Create | Knight ×5 |
| 15:26 | Build | Stable |
| 15:29 | Build | Stable |
| 15:31 | Create | Knight ×5 |
| 15:33 | Create | Knight |
| 15:35 | Create | Cavalry Archer |
| 15:38 | Create | Knight ×5 |
| 15:44 | Create | Knight ×5 |
| 15:49 | Create | Knight ×5 |
| 15:50 | Create | Cavalry Archer ×5 |
| 15:53 | Create | Knight ×5 |
| 15:54 | Create | Cavalry Archer ×5 |
| 16:00 | Create | Knight ×5 |
| 16:09 | Create | Knight ×5 |
| 16:10 | Create | Cavalry Archer |
| 16:16 | Create | Knight ×5 |
| 16:24 | Create | Knight ×5 |
| 16:25 | Create | Cavalry Archer |
| 16:41 | Create | Knight ×5 |
| 16:42 | Create | Cavalry Archer |
| 16:48 | Create | Knight ×5 |
| 16:58 | Create | Knight ×5 |
| 17:00 | Create | Cavalry Archer |
| 17:11 | Create | Knight ×5 |
| 17:13 | Create | Knight ×5 |
| 17:18 | Create | Cavalry Archer |
| 17:33 | Create | Knight ×5 |
| 17:34 | Create | Cavalry Archer ×5 |
| 17:52 | Build | Stable |
| 17:54 | Build | Archery Range |
| 17:56 | Create | Knight ×5 |
| 17:56 | Create | Cavalry Archer ×5 |
| 18:03 | Create | Cavalry Archer ×5 |
| 18:13 | Create | Knight ×5 |
| 18:14 | Create | Cavalry Archer ×5 |
| 18:22 | Create | Knight ×5 |
| 18:28 | Create | Knight ×5 |
| 18:42 | Build | Archery Range |
| 18:47 | Create | Knight ×5 |
| 18:48 | Create | Cavalry Archer |
| 18:50 | Create | Knight ×5 |
| 18:52 | Create | Cavalry Archer ×2 |
| 18:53 | Create | Knight |
| 18:55 | Create | Cavalry Archer |
| 18:56 | Create | Knight ×5 |
| 18:56 | Create | Knight ×5 |
| 18:56 | Create | Knight ×5 |
| 18:57 | Create | Knight ×5 |
| 19:20 | Build | Stable |
| 19:22 | Create | Knight ×5 |
| 19:23 | Create | Knight ×5 |
| 19:28 | Create | Skirmisher ×3 |
| 19:32 | Create | Cavalry Archer |
| 19:32 | Create | Cavalry Archer |
| 19:49 | Build | Stable |
| 20:04 | Create | Cavalry Archer ×5 |
| 20:04 | Create | Cavalry Archer ×5 |
| 20:05 | Create | Cavalry Archer ×5 |
| 20:08 | Create | Knight ×5 |
| 20:09 | Create | Knight ×5 |
| 20:09 | Create | Knight ×5 |
| 20:09 | Create | Knight ×5 |
| 20:21 | Create | Knight ×5 |
| 20:22 | Create | Cavalry Archer ×4 |
| 20:46 | Create | Knight ×5 |
| 20:47 | Create | Cavalry Archer ×5 |
| 20:54 | Create | Knight ×5 |
| 20:55 | Create | Cavalry Archer ×3 |
| 21:00 | Build | Stable |
| 21:01 | Build | Stable |
| 21:04 | Build | Stable |
| 21:06 | Create | Knight ×5 |
| 21:07 | Create | Knight ×5 |
| 21:08 | Create | Knight ×5 |
| 21:10 | Create | Cavalry Archer ×3 |
| 21:22 | Create | Knight ×5 |
| 21:32 | Create | Knight ×5 |
| 21:33 | Create | Cavalry Archer ×2 |
Build order — niceguy
First 150 of 252 actions detected
| 8:20 | Research | Iron Casting |
| 8:21 | Research | Chain Mail Armor |
| 8:21 | Research | Chain Barding Armor |
| 8:23 | Research | Leather Archer Armor |
| 8:23 | Research | Bodkin Arrow |
| 8:26 | Research | Ballistics |
| 8:26 | Research | Guard Tower (upgrade) |
| 8:27 | Research | Tech 909 |
| 8:28 | Research | Treadmill Crane |
| 8:29 | Research | Tech 908 |
| 8:29 | Research | Careening |
| 19:26 | Build | Stable |
| 19:27 | Build | Stable |
| 19:33 | Build | Stable |
| 19:36 | Build | Stable |
| 19:42 | Build | Stable |
| 19:49 | Build | Stable |
| 19:51 | Build | Stable |
| 19:57 | Build | Stable |
| 21:10 | Create | Knight ×5 |
| 21:11 | Create | Knight ×5 |
| 21:11 | Create | Knight ×5 |
| 21:11 | Create | Knight ×5 |
| 21:11 | Create | Knight ×5 |
| 21:12 | Create | Knight ×5 |
| 21:12 | Create | Knight ×5 |
| 21:12 | Create | Knight ×5 |
| 21:12 | Create | Knight ×5 |
| 21:13 | Create | Knight |
| 22:07 | Create | Knight ×5 |
| 22:07 | Create | Knight ×5 |
| 22:07 | Create | Knight ×5 |
| 22:08 | Create | Knight ×5 |
| 22:08 | Create | Knight ×3 |
| 22:08 | Create | Knight ×3 |
| 22:08 | Create | Knight ×3 |
| 22:11 | Create | Knight |
| 22:11 | Create | Knight |
| 22:18 | Build | Archery Range |
| 22:20 | Build | Archery Range |
| 22:22 | Build | Archery Range |
| 22:26 | Build | Archery Range |
| 22:29 | Build | Archery Range |
| 22:29 | Build | Archery Range |
| 22:53 | Create | Knight ×5 |
| 22:53 | Create | Knight ×5 |
| 22:53 | Create | Knight ×5 |
| 22:54 | Create | Knight ×5 |
| 22:54 | Create | Knight ×5 |
| 22:54 | Create | Knight ×5 |
| 22:55 | Create | Knight |
| 23:07 | Build | Archery Range |
| 23:09 | Build | Archery Range |
| 23:10 | Build | Archery Range |
| 23:11 | Build | Archery Range |
| 23:13 | Build | Archery Range |
| 23:16 | Build | Archery Range |
| 23:20 | Create | Knight ×5 |
| 23:20 | Create | Knight ×5 |
| 23:21 | Create | Knight ×5 |
| 23:21 | Create | Knight |
| 23:21 | Create | Knight |
| 23:21 | Create | Knight |
| 23:26 | Create | Knight ×4 |
| 23:26 | Create | Knight ×4 |
| 24:00 | Research | Crossbowman (upgrade) |
| 24:01 | Research | Elite Skirmisher (upgrade) |
| 24:46 | Create | Knight ×5 |
| 24:47 | Create | Knight ×5 |
| 24:47 | Create | Knight ×5 |
| 24:47 | Create | Knight ×5 |
| 24:48 | Create | Knight ×5 |
| 24:48 | Create | Knight ×5 |
| 24:48 | Create | Knight ×5 |
| 24:48 | Create | Knight ×5 |
| 24:49 | Create | Knight ×2 |
| 24:51 | Create | Knight |
| 24:51 | Create | Knight |
| 24:51 | Create | Knight |
| 24:52 | Create | Knight |
| 24:52 | Create | Knight |
| 24:54 | Create | Knight |
| 24:54 | Create | Knight |
| 25:20 | Create | Knight ×5 |
| 25:20 | Create | Knight ×5 |
| 25:20 | Create | Knight ×5 |
| 25:20 | Create | Knight |
| 25:21 | Create | Knight |
| 25:24 | Create | Knight |
| 25:25 | Create | Knight |
| 26:47 | Create | Archer ×5 |
| 26:47 | Create | Archer ×5 |
| 26:48 | Create | Archer ×5 |
| 26:48 | Create | Archer ×5 |
| 26:48 | Create | Archer ×5 |
| 26:48 | Create | Archer ×5 |
| 26:49 | Create | Archer |
| 26:49 | Create | Archer |
| 26:49 | Create | Archer |
| 26:50 | Create | Archer |
| 26:50 | Create | Archer |
| 26:51 | Create | Archer |
| 26:51 | Create | Archer |
| 26:51 | Create | Archer |
| 26:52 | Create | Archer |
| 26:52 | Create | Archer |
| 26:52 | Create | Archer |
| 26:53 | Create | Archer |
| 27:27 | Create | Scout Cavalry ×5 |
| 27:28 | Create | Knight ×5 |
| 27:28 | Create | Knight ×5 |
| 27:28 | Create | Knight ×5 |
| 27:29 | Create | Knight |
| 27:29 | Create | Knight |
| 27:30 | Create | Knight |
| 27:30 | Create | Knight |
| 27:30 | Create | Knight |
| 27:32 | Create | Archer ×5 |
| 27:33 | Create | Archer ×5 |
| 27:33 | Create | Archer ×5 |
| 27:33 | Create | Archer |
| 27:34 | Create | Archer |
| 27:34 | Create | Archer |
| 27:34 | Create | Archer |
| 27:35 | Create | Archer |
| 27:35 | Create | Archer |
| 27:35 | Create | Archer |
| 27:36 | Create | Archer |
| 28:06 | Create | Archer ×4 |
| 28:07 | Create | Archer ×4 |
| 28:07 | Create | Archer ×4 |
| 28:07 | Create | Archer ×4 |
| 28:09 | Create | Archer |
| 28:09 | Create | Archer |
| 28:09 | Create | Archer |
| 28:10 | Create | Archer |
| 28:10 | Create | Archer |
| 28:15 | Create | Knight ×5 |
| 28:15 | Create | Knight ×5 |
| 28:15 | Create | Knight ×5 |
| 28:16 | Create | Knight ×5 |
| 28:16 | Create | Knight |
| 28:16 | Create | Knight |
| 28:17 | Create | Knight |
| 28:17 | Create | Knight |
| 28:17 | Create | Knight |
| 28:18 | Create | Knight |
| 28:18 | Create | Knight |
| 28:18 | Create | Knight |
| 28:21 | Create | Knight |
Build order — xanon749523
First 150 of 225 actions detected
| 11:46 | Research | Nomads |
| 11:47 | Research | Leather Archer Armor |
| 11:47 | Research | Bodkin Arrow |
| 11:48 | Research | Chain Barding Armor |
| 11:49 | Research | Iron Casting |
| 11:49 | Research | Chain Mail Armor |
| 11:52 | Research | Ballistics |
| 11:52 | Research | Guard Tower (upgrade) |
| 11:53 | Research | Careening |
| 11:53 | Research | Tech 908 |
| 11:53 | Research | Tech 909 |
| 20:30 | Build | Archery Range |
| 20:47 | Build | House |
| 21:44 | Build | Stable |
| 22:07 | Research | Crossbowman (upgrade) |
| 22:07 | Research | Elite Skirmisher (upgrade) |
| 22:07 | Research | Thumb Ring |
| 22:16 | Build | Stable |
| 22:18 | Build | Stable |
| 22:53 | Research | Husbandry |
| 22:54 | Research | Bloodlines |
| 22:54 | Research | Light Cavalry (upgrade) |
| 22:56 | Create | Steppe Lancer ×5 |
| 22:57 | Create | Steppe Lancer ×5 |
| 22:57 | Create | Steppe Lancer ×2 |
| 23:23 | Build | Archery Range |
| 23:50 | Build | Stable |
| 23:53 | Build | Stable |
| 23:54 | Build | Stable |
| 23:55 | Build | Stable |
| 23:57 | Build | Stable |
| 24:02 | Research | Conscription |
| 24:02 | Research | Elite Mangudai (upgrade) |
| 24:02 | Research | Drill |
| 24:03 | Research | Sappers |
| 24:03 | Research | Spies/Treason |
| 24:07 | Research | Bracer |
| 24:08 | Research | Blast Furnace |
| 24:08 | Research | Plate Mail Armor |
| 24:12 | Research | Siege Engineers |
| 24:13 | Research | Chemistry |
| 24:13 | Research | Tech 907 |
| 24:14 | Research | Shipwright |
| 24:21 | Research | Elite Steppe Lancer (upgrade) |
| 24:21 | Research | Heavy Camel Rider (upgrade) |
| 24:22 | Research | Cavalier (upgrade) |
| 25:31 | Create | Steppe Lancer ×5 |
| 25:32 | Create | Steppe Lancer ×5 |
| 25:32 | Create | Steppe Lancer ×5 |
| 25:33 | Create | Steppe Lancer ×5 |
| 25:33 | Create | Steppe Lancer ×5 |
| 25:33 | Create | Steppe Lancer ×5 |
| 25:40 | Build | Stable |
| 25:42 | Build | Stable |
| 25:44 | Build | Stable |
| 25:47 | Build | Stable |
| 25:55 | Research | Arbalester (upgrade) |
| 25:55 | Research | Heavy Cavalry Archer (upgrade) |
| 25:56 | Research | Parthian Tactics |
| 25:56 | Research | Parthian Tactics |
| 26:00 | Create | Steppe Lancer ×5 |
| 26:00 | Create | Steppe Lancer ×5 |
| 26:01 | Create | Steppe Lancer ×5 |
| 26:02 | Create | Steppe Lancer ×5 |
| 26:02 | Create | Steppe Lancer |
| 26:02 | Create | Steppe Lancer |
| 26:03 | Research | Hussar (upgrade) |
| 26:14 | Create | Steppe Lancer |
| 26:14 | Create | Steppe Lancer |
| 26:18 | Create | Steppe Lancer |
| 26:20 | Create | Steppe Lancer |
| 26:31 | Create | Steppe Lancer |
| 26:31 | Create | Steppe Lancer |
| 26:42 | Create | Steppe Lancer ×5 |
| 26:43 | Create | Steppe Lancer ×5 |
| 26:43 | Create | Steppe Lancer ×5 |
| 26:44 | Create | Steppe Lancer ×5 |
| 26:44 | Create | Steppe Lancer ×5 |
| 26:45 | Research | Hussar (upgrade) |
| 26:47 | Create | Steppe Lancer ×5 |
| 26:47 | Create | Steppe Lancer ×5 |
| 26:55 | Create | Steppe Lancer |
| 26:56 | Create | Steppe Lancer |
| 26:57 | Create | Steppe Lancer |
| 27:01 | Create | Steppe Lancer ×2 |
| 27:31 | Create | Steppe Lancer ×5 |
| 27:31 | Create | Steppe Lancer ×5 |
| 27:32 | Create | Steppe Lancer |
| 27:32 | Create | Steppe Lancer |
| 27:33 | Create | Steppe Lancer |
| 28:15 | Create | Steppe Lancer ×5 |
| 28:15 | Create | Steppe Lancer ×5 |
| 28:16 | Create | Steppe Lancer ×5 |
| 28:16 | Create | Steppe Lancer ×5 |
| 28:16 | Create | Steppe Lancer ×5 |
| 28:17 | Create | Steppe Lancer ×5 |
| 28:39 | Create | Steppe Lancer ×5 |
| 28:39 | Create | Steppe Lancer ×5 |
| 28:40 | Create | Steppe Lancer ×5 |
| 28:40 | Create | Steppe Lancer ×5 |
| 28:41 | Create | Steppe Lancer ×5 |
| 28:41 | Create | Steppe Lancer ×3 |
| 28:49 | Create | Steppe Lancer ×3 |
| 28:49 | Create | Steppe Lancer ×3 |
| 28:50 | Create | Steppe Lancer ×2 |
| 28:50 | Create | Steppe Lancer |
| 28:51 | Create | Steppe Lancer |
| 28:51 | Create | Steppe Lancer ×2 |
| 28:52 | Create | Steppe Lancer |
| 28:52 | Create | Steppe Lancer |
| 29:09 | Create | Steppe Lancer ×5 |
| 29:10 | Create | Steppe Lancer ×5 |
| 29:10 | Create | Steppe Lancer ×4 |
| 29:20 | Create | Archer ×5 |
| 29:21 | Create | Archer ×5 |
| 29:27 | Create | Steppe Lancer ×5 |
| 29:27 | Create | Steppe Lancer ×5 |
| 29:28 | Create | Steppe Lancer |
| 29:28 | Create | Steppe Lancer ×2 |
| 29:28 | Create | Steppe Lancer |
| 29:29 | Create | Steppe Lancer |
| 30:15 | Create | Steppe Lancer ×5 |
| 30:16 | Create | Steppe Lancer ×5 |
| 30:16 | Create | Steppe Lancer ×5 |
| 30:16 | Create | Steppe Lancer ×5 |
| 30:21 | Create | Steppe Lancer ×2 |
| 30:22 | Create | Steppe Lancer |
| 30:23 | Create | Steppe Lancer ×3 |
| 30:23 | Create | Steppe Lancer ×3 |
| 30:34 | Create | Steppe Lancer |
| 30:34 | Create | Steppe Lancer ×2 |
| 30:35 | Create | Steppe Lancer |
| 30:40 | Create | Steppe Lancer |
| 30:40 | Create | Steppe Lancer |
| 30:41 | Create | Steppe Lancer ×2 |
| 30:41 | Create | Steppe Lancer |
| 30:53 | Create | Knight ×3 |
| 30:58 | Create | Knight |
| 30:58 | Create | Knight |
| 30:59 | Create | Knight |
| 30:59 | Create | Knight ×2 |
| 31:06 | Create | Knight |
| 31:11 | Create | Knight |
| 31:11 | Create | Knight ×2 |
| 31:11 | Create | Knight |
| 31:21 | Create | Knight ×5 |
| 31:22 | Create | Knight ×5 |
| 31:29 | Create | Knight ×2 |
| 31:30 | Create | Knight |
| 31:30 | Create | Knight |
Match timeline
| 5:13 | llllllllllllllll · first_building Stable |
| 5:14 | llllllllllllllll · first_building Archery Range |
| 5:43 | Never_Back_Down · first_building Barracks |
| 6:09 | Never_Back_Down · first_building Archery Range |
| 6:12 | SkyWarrior · first_building Stable |
| 6:35 | SkyWarrior · wall_segment Stone Wall x12 |
| 7:17 | chrae · first_building Barracks |
| 7:25 | chrae · first_building Archery Range |
| 7:37 | chrae · first_building Stable |
| 9:59 | Buby Is Best · first_building Stable |
| 11:22 | llllllllllllllll · wall_segment Stone Wall x14 |
| 12:43 | chrae · first_building Monastery |
| 17:17 | Key Kurono Porongon · first_building Stable |
| 17:31 | Key Kurono Porongon · first_building Archery Range |
| 18:53 | chrae · first_building Siege Workshop |
| 19:20 | SkyWarrior · first_building Archery Range |
| 19:26 | niceguy · first_building Stable |
| 19:34 | Buby Is Best · first_building Barracks |
| 20:30 | xanon749523 · first_building Archery Range |
| 21:44 | xanon749523 · first_building Stable |
| 22:18 | niceguy · first_building Archery Range |
| 28:41 | SkyWarrior · first_building Siege Workshop |
| 30:17 | Never_Back_Down · first_building Siege Workshop |
| 36:55 | niceguy · resign |
[ AI ANALYSIS · 1 CREDIT ]
What really happened in this match?
Wolo.gg analyzes every decision: build order, eco, micro, common mistakes by bracket. Personalized analysis on WhatsApp or Discord in 30 seconds.
Civ guide
Chinese
Perfil
Jugador #19947102